 Dungeon Crawl Stone Soup version 0.27.1-33-g824d729ab1 (console) character file.

Game seed: 6110455632311478928

819 Banquo the Chopper (level 8, 0/58 HPs)
             Began as a Djinni Berserker on Dec 31, 2021.
             Was a Priest of Trog.
             Slain by a bullfrog skeleton (3 damage)
             ... on level 5 of the Dungeon.
             The game lasted 00:13:46 (6218 turns).

Banquo the Chopper (Djinni Berserker)               Turns: 6218, Time: 00:13:50

Health: 0/58       AC: 10    Str: 18    XL:     8   Next: 16%
Gold:   149        EV:  7    Int:  9    God:    Trog [***...] SH:  4 Dex: 13

rFire    + + .     SeeInvis .   a - +0 war axe
rCold    x . .     Faith    .   i - +0 buckler
rNeg     . . .     Spirit   .   d - +0 chain mail
rPois    ∞         Reflect  .   h - +0 helmet
rElec    .         Harm     .   (no cloak)
rCorr    .         Rampage  .   (no gloves)
Will     ++...                  (boots unavailable)
Stlth    ..........             (no amulet)
HPRegen  1.19/turn              (no ring)
MPRegen  0.00/turn              (no ring)

@: strong-willed, on berserk cooldown, flying, regenerating, hasted and slowed
A: sickness immunity, fire resistance 2, cold vulnerability 1, float, innate
caster, hp casting, extra vitality 1
a: Renounce Religion, Berserk, Trog's Hand


You were on level 5 of the Dungeon.
You worshipped Trog.
Trog was most pleased with you.
You visited 1 branch of the dungeon, and saw 5 of its levels.

You collected 185 gold pieces.
You spent 36 gold pieces at shops.

Inventory:

Hand Weapons
 a - a +0 war axe (weapon)
 n - a +0 trident
 p - a +2 whip of flaming
 r - a +0 hand crossbow
 t - a +1 mace of protection
 y - a +1 vorpal flail
 z - a +3 flail
 A - a +0 hand axe
Missiles
 k - 63 stones (quivered)
 o - a throwing net
 s - 14 bolts
Armour
 b - a +0 animal skin
 d - a +0 chain mail (worn)
 h - a +0 helmet (worn)
 i - a +0 buckler (worn)
 j - a +0 tower shield
Wands
 w - a wand of mindburst (15)
 x - a wand of flame (6)
Scrolls
 c - 3 scrolls of teleportation
 e - 3 scrolls of fear {unknown}
 l - 3 scrolls of identify {unknown}
 m - 2 scrolls of enchant weapon {unknown}
 v - 2 scrolls of torment {unknown}
Potions
 f - 2 potions of curing {unknown}
 g - a potion of cancellation {unknown}
 q - a potion of mutation {unknown}
 u - a potion of attraction {unknown}
 B - a potion of haste


   Skills:
 + Level 4.0 Fighting
 * Level 6.0 Axes
 * Level 4.0 Armour
 - Level 2.1 Dodging
 * Level 2.7 Shields


You had one spell level left.
You knew the following spells:

 Your Spells              Type           Power      Damage    Failure   Level
a - Sting                 Tmut/Pois      0%         1d3       99%         1
b - Wereblood             Tmut           0%         N/A       100%        2
c - Portal Projectile     Hex/Tloc       0%         N/A       100%        3
Your spell library was empty.


Dungeon Overview and Level Annotations

Branches:
Dungeon (5/15)
 Temple: D:4-7

Altars:
Ashenzari
Makhleb
Zin
Beogh

Shops:
D:2 *

Annotations:
D:4 3 runed translucent doors, spimroxx's ghost, amateur OpTm
D:5 Menkaure


Innate Abilities, Weirdness & Mutations

You are immune to sickness and miasma.
You are immune to poison.
Your flesh is very heat resistant. (rF++)
You are vulnerable to cold. (rC-)
You float through the air rather than walking.
You learn spells naturally, not from books.
Your magical power is your life essence.
You have superior vitality. (+4 HP)


Message History

A bullfrog skeleton comes into view.
Found 10 gold pieces.
Things that are here:
a +0 flail; a +0 robe You feel a strong urge to attack something.
Found a kite shield.
Menkaure completely misses you.
You hit Menkaure.
Menkaure is moderately damaged.
You are no longer berserk.
You are exhausted.
You feel yourself slow down.
Menkaure gestures wildly while chanting.
Menkaure seems to speed up.
Your skin crawls.
You feel strong-willed. Menkaure barely misses you.
You hit Menkaure.
Menkaure is moderately damaged.
Menkaure hits you.
The bullfrog skeleton hits you but does no damage.
Menkaure barely misses you.
The bullfrog skeleton hits you but does no damage.
Your chain mail prevents you from hitting Menkaure.
Menkaure is moderately damaged.
You hit the bullfrog skeleton. Menkaure hits you!!
The bullfrog skeleton hits you. Menkaure hits you!
The bullfrog skeleton hits you but does no damage.
Menkaure hits you!!
* * * LOW HITPOINT WARNING * * *
Press: ? - help, v - describe, . - travel
Here: a bullfrog skeleton (lightly damaged)
The floor.
Unknown command.
It was a potion of haste.
You feel yourself speed up.
The bullfrog skeleton barely misses you.
Menkaure calls on the powers of darkness!
Your body is wracked with pain!
* * * LOW HITPOINT WARNING * * *
The bullfrog skeleton hits you.
You die...

#.............#...# #
#.........###.#...#..##
#.........###.#..$#....
#...........#.#...#.#..
#........##.# ..........
........###.###.......[#
.....[.##.....)...##..#.
........#.#.##..Z...?...
........#.#.##..@M.##..
........#.#.##.#.#......
........#.#....#.# ##...
........#.####.#.# ..
.##.......# ..#.#
)########## #.#.. .#
..... ## ### <#


You could see Menkaure (fast) and a bullfrog skeleton.

Vanquished Creatures
  A black bear (D:3)
  2 ogres
  Blork the orc (D:5)
  2 scorpions (D:5)
  2 hounds
  A centaur skeleton (D:4)
  An orc wizard (D:5)
  A hound skeleton (D:4)
  Robin (D:2)
  7 adders
  6 gnolls
  An adder skeleton (D:4)
  A worm (D:3)
  3 dart slugs
  17 orcs
  6 ball pythons
  4 endoplasms
  6 giant cockroaches
  12 goblins
  6 hobgoblins
  6 jackals
  5 kobolds
  A quokka (D:2)
  5 bats
  2 frilled lizards
  8 rats
108 creatures vanquished.

Notes
Turn   | Place    | Note
-------+----------+-------------------------------------------
     0 | D:1      | Banquo the Djinni Berserker began the quest for the Orb.
     0 | D:1      | Reached XP level 1. HP: 20/20 MP: 0/0
   114 | D:1      | Reached XP level 2. HP: 25/25 MP: 0/0
   270 | D:1      | Reached skill level 3 in Axes
   426 | D:1      | Found a faded altar of an unknown god.
   988 | D:2      | Reached XP level 3. HP: 15/30 MP: 0/0
   988 | D:2      | Learned a level 1 spell: Sting
  1303 | D:2      | Reached skill level 1 in Shields
  1364 | D:2      | Reached XP level 4. HP: 22/35 MP: 0/0
  1364 | D:2      | Reached ** piety under Trog
  1372 | D:2      | Noticed Robin
  1789 | D:2      | Killed Robin
  2061 | D:2      | Reached XP level 5. HP: 40/40 MP: 0/0
  2061 | D:2      | Learned a level 2 spell: Wereblood
  2385 | D:2      | Reached skill level 4 in Axes
  2428 | D:2      | Found Cafunt's General Store.
  2431 | D:2      | Bought a scroll of teleportation for 36 gold pieces
  2666 | D:3      | HP: 2/40 [kobold (5)]
  3354 | D:3      | Noticed a black bear
  3372 | D:3      | Killed a black bear
  3373 | D:3      | Reached XP level 6. HP: 46/46 MP: 0/0
  3815 | D:4      | Found a glowing silver altar of Zin.
  4034 | D:4      | Reached skill level 5 in Axes
  4123 | D:4      | Noticed an ogre
  4140 | D:4      | Killed an ogre
  4140 | D:4      | Reached *** piety under Trog
  4141 | D:4      | Reached XP level 7. HP: 33/51 MP: 0/0
  4141 | D:4      | Learned a level 3 spell: Portal Projectile
  4712 | D:4      | Identified the +4 pair of boots of Lethargy {rElec rN+++
                  | Regen+ Int-3}
  4729 | D:4      | Found a runed translucent gate.
  4729 | D:4      | Found a runed translucent gate.
  4729 | D:4      | Found a runed translucent gate.
  4732 | D:4      | Noticed spimroxx's ghost (amateur OpTm)
  5525 | D:5      | Entered Level 5 of the Dungeon
  5715 | D:5      | Found a burning altar of Makhleb.
  5936 | D:5      | Reached XP level 8. HP: 58/58 MP: 0/0
  6156 | D:5      | Found a broken altar of Ashenzari.
  6203 | D:5      | Noticed Blork the orc
  6209 | D:5      | Noticed Menkaure
  6210 | D:5      | Killed Blork the orc
  6211 | D:5      | Reached skill level 6 in Axes
  6217 | D:5      | HP: 2/58 [Menkaure (18)]
  6218 | D:5      | Slain by a bullfrog skeleton

Illustrated notes

Levels and vault maps discovered:
D:1:      tarquinn_simple_flora_water_e, layout_loops_ring,
          shapermc_ecumenical_altar_totnotflames
D:2:      layout_loops_ring, serial_shops, nicolae_shop_behind_doors,
          minmay_worlds_worst_comb, uniq_robin
D:3:      layout_loops_cross
D:4:      layout_layer_cave, mainiacjoe_overflow_brackets,
          biasface_ghost_orc_armoury
D:5:      layout_basic, nicolae_ashenzari_skybound,
          mainiacjoe_overflow_large_starburst, grunt_decor_cap,
          uniq_blork_the_orc, uniq_menkaure

Skill      XL: |  1  2  3  4  5  6  7  8 |
---------------+-------------------------+-----
Axes           | 3 4 5 6 |  6.0
Shields        | 1 2 |  2.7
Armour         | 3 4 |  4.0
Fighting       | 4 |  4.0
Dodging        | |  2.1

Action                   |  1- 3 |  4- 6 |  7- 9 || total
-------------------------+-------+-------+-------++-------
Melee: Hand axe          |    90 |   172 |   137 ||   399
       War axe           |       |       |     7 ||     7
Invok: Berserk           |       |     5 |     4 ||     9
       Trog's Hand       |       |     1 |     1 ||     2
  Use: Potion            |       |       |     1 ||     1
Armor: Animal skin       |    24 |    24 |       ||    48
       Chain mail        |       |    37 |    67 ||   104
Dodge: Dodged            |    60 |   103 |    46 ||   209
Block: Buckler           |       |    35 |    14 ||    49
